 Dungeon Crawl Stone Soup version 0.18-a0-1562-gac8da35 (webtiles) character file.

229 thrall606 the Shield-Bearer (level 5, -2/41 HPs)
             Began as a Demonspawn Fighter on Mar 14, 2016.
             Slain by Edmund
             ... wielding a +4 dire flail of protection
              (3 damage)
             ... on level 4 of the Dungeon.
             The game lasted 00:10:54 (3472 turns).

thrall606 the Shield-Bearer (Demonspawn Fighter)    Turns: 3472, Time: 00:10:54

Health: -2/41      AC: 11    Str: 15 (16) XL:     5   Next: 71%
Magic:  5/5        EV:  4    Int:  8 (9)  God:
Gold:   162        SH:  9    Dex: 14      Spells: 2 memorised, 1 level left

rFire  . . .     SeeInvis .     a - +0 long sword
rCold  . . .     Gourm    .     h - +1 chain mail
rNeg   . . .     Faith    .     c - +0 shield
rPois  .         Spirit   .     (no helmet)
rElec  .         Dismiss  .     (no cloak)
rCorr  +         Reflect  .     t - +0 pair of gloves
SustAt .         Harm     .     (no boots)
MR     .....                    (no amulet)
Stlth  ..........               g - ring of resist corrosion
                                k - +2 ring of slaying

@: not resistant to hostile enchantments, extremely unstealthy
A: nightstalker 1
a: no special abilities


You were on level 4 of the Dungeon.
You were not hungry.

You visited 1 branch of the dungeon, and saw 4 of its levels.

You collected 162 gold pieces.

Inventory:

Hand Weapons
 a - a +0 long sword (weapon)
Armour
 b - a +0 scale mail
 c - a +0 shield (worn)
 h - a +1 chain mail (worn)
 t - a +0 pair of gloves (worn)
Jewellery
 g - a ring of resist corrosion (right hand)
 k - a +2 ring of slaying (left hand)
 o - a cursed amulet of inaccuracy
Scrolls
 l - a scroll of identify
 m - a scroll of recharging {unknown}
 q - 2 scrolls of noise {unknown}
 x - a scroll of magic mapping {unknown}
Potions
 d - 2 potions of might
 e - a potion of haste
 i - a potion of degeneration
 v - a potion of agility
Books
 s - a book of Callings

   Spells                             Type                      Level
   a - Summon Small Mammal            Summoning                    1
   b - Call Imp                       Summoning                    2
   c - Call Canine Familiar           Summoning                    3
   d - Summon Guardian Golem          Hexes/Summoning              3
   e - Summon Lightning Spire         Summoning/Air                4
   f - Summon Ice Beast               Ice/Summoning                4
Comestibles
 f - 3 bread rations
 j - a beef jerky
 n - 2 meat rations
 p - 4 fruits


   Skills:
 + Level 3.6 Fighting
 + Level 2.5 Long Blades
 + Level 3.9 Armour
 + Level 1.3 Dodging
 + Level 0.2 Stealth
 + Level 4.0 Shields


You had one spell level left.
You knew the following spells:

 Your Spells              Type           Power        Failure   Level  Hunger
a - Summon Small Mammal   Summ           #...         100%        1    ##.....
b - Call Imp              Summ           #.......     100%        2    ###....


Dungeon Overview and Level Annotations

Branches:
Dungeon (4/15)
 Temple: D:4-7

Altars:
Ashenzari
Gozag

Annotations:
D:4 Dowan, Edmund


Innate Abilities, Weirdness & Mutations

You are slightly more attuned to the shadows.


Message History

Edmund is moderately wounded.
Edmund barely misses you.
You slash Edmund!
Edmund is heavily wounded.
Edmund hits you but does no damage. x2
You hit Edmund but do no damage.
Edmund is heavily wounded.
You block Edmund's attack.
You hit Edmund.
Edmund is heavily wounded.
Edmund hits you with a dire flail of protection.
* * * LOW HITPOINT WARNING * * *
You closely miss Edmund.
Edmund is heavily wounded.
You block Edmund's attack.
You hit Edmund.
Edmund is severely wounded.
You block Edmund's attack.
Edmund hits you with a dire flail of protection.
You die...

....... #.# #)#...# #.#
#.#..# #.# #.##.# ###.#
#.##@# #...# #.##.#
###...######.##.# #
#...............# #.
#.@@.........##.# #.
#.......#######.#
##.####...#########.###
####......................
............#########.###
.#.....####.#.........#
#.#.#.####.#.#######.# #
#.<........#######.#
#....##.####...........#


You could see Edmund.

Vanquished Creatures
  A giant frog zombie (D:3)
  8 adders
  3 gnolls (D:3)
  2 oozes
  2 worms
  3 dart slugs
  7 giant geckos
  An orc (D:3)
  2 giant cockroaches (D:1)
  5 goblins
  5 hobgoblins
  3 jackals (D:1)
  9 kobolds
  2 quokkas (D:3)
  2 ball pythons (D:3)
  8 bats
  5 giant newts
  8 rats
76 creatures vanquished.

Notes
Turn   | Place    | Note
--------------------------------------------------------------
     0 | D:1      | thrall606 the Demonspawn Fighter began the quest for the Orb.
     0 | D:1      | Reached XP level 1. HP: 18/18 MP: 1/1
   250 | D:1      | Gained mutation: You are slightly more attuned to the shadows. [demonic ancestry]
   250 | D:1      | Reached XP level 2. HP: 17/24 MP: 2/2
   477 | D:1      | Found a shattered altar of Ashenzari.
   561 | D:1      | Reached skill level 3 in Shields
   646 | D:1      | Reached XP level 3. HP: 27/29 MP: 3/3
  1540 | D:2      | Reached XP level 4. HP: 35/35 MP: 4/4
  1645 | D:2      | Found a faded altar to an unknown god.
  1710 | D:2      | Reached skill level 1 in Dodging
  1759 | D:2      | Found an opulent altar of Gozag.
  2188 | D:3      | Reached XP level 5. HP: 15/41 MP: 5/5
  2492 | D:3      | Learned a level 1 spell: Summon Small Mammal
  2495 | D:3      | Learned a level 2 spell: Call Imp
  3393 | D:4      | Reached skill level 4 in Shields
  3429 | D:4      | Noticed Edmund
  3431 | D:4      | Noticed Dowan
  3470 | D:4      | HP: 1/41 [Edmund/dire flail of protection (4)]
  3472 | D:4      | Slain by Edmund

Vault maps used:
D:1:      minmay_arrival_semitransparent, nicolae_ashenzari_panopticon
D:2:      nicolae_gozag_cash_rules_everything_around_me, ecumenical_altar_1
D:3:      roderic_whirl, hangedman_decor_growths, minmay_misc_feat_roman
D:4:      lightli_temple_of_fire, kennysheep_little_box,
          makhleb_blood_cavern_becter, first_bread, grunt_decor_arrowhead,
          uniq_duvessa, uniq_edmund

Skill      XL: |  1  2  3  4  5 |
---------------+----------------+-----
Armour         | 3 |  3.9
Shields        | 3 4 |  4.0
Long Blades    | 2 |  2.5
Dodging        | 1 |  1.3
Fighting       | |  3.6
Stealth        | |  0.2

Action                   |  1- 3 |  4- 6 || total
-------------------------+-------+-------++-------
Melee: Long sword        |   145 |   173 ||   318
  Use: Potion            |     7 |     4 ||    11
       Scroll            |     4 |     3 ||     7
  Eat: Chunk             |     3 |     2 ||     5
       Bread ration      |       |     1 ||     1
